 Dungeon Sprint DCSS version 0.19.4-9-g45fd643 (webtiles) character file.

0 equalderp2856 the Scratcher (level 1, -2/10 HPs)
             Began as a Felid Fighter on Feb 19, 2017.
             Killed from afar by Sigmund (9 damage)
             ... with a magic dart
             ... in the Dungeon (Sprint VI: "Thunderdome").
             The game lasted 00:00:10 (27 turns).

equalderp2856 the Scratcher (Felid Fighter)           Turns: 27, Time: 00:00:12

Health: -2/10      AC:  1    Str: 12    XL:     1   Next: 25%
Magic:  2/2        EV: 19    Int:  9    God:
Gold:   200        SH:  0    Dex: 15    Spells: 0 memorised, 0 levels left
                                        Lives:  0   Deaths: 0

rFire  . . .     SeeInvis +       - Unarmed
rCold  . . .     Gourm    .     (armour unavailable)
rNeg   . . .     Faith    .     (shield unavailable)
rPois  .         Spirit   .     (helmet unavailable)
rElec  .         Reflect  .     (cloak unavailable)
rCorr  .         Harm     .     (gloves unavailable)
MR     .....     NoTele   +     (boots unavailable)
Stlth  ++........               (no amulet)
                                (no ring)
                                (no ring)

@: quick
A: no armour, no weapons or thrown items, stealth, claws 1, fangs 3, see
invisible, carnivore 3, speed 1, shaggy fur 1, slow metabolism 1, sharp paws
a: no special abilities


You were in the Dungeon.
You were not hungry.

You visited 1 branch You collected 200 gold pieces.

Inventory:

Wands
 j - a wand of acid (5/15)
 k - a wand of iceblast (5/15)
Scrolls
 h - 4 scrolls of blinking
 l - 3 scrolls of fog
Potions
 a - a potion of might
 c - a potion of curing
 d - 4 potions of heal wounds
 e - 4 potions of haste
 f - 2 potions of magic
 g - a potion of berserk rage
 i - a potion of resistance
Comestibles
 b - a meat ration


   Skills:
 + Level 3.2 Fighting
 + Level 4.2 Dodging
 + Level 4.4 Unarmed Combat


You couldn't memorise any spells.
You didn't know any spells.

Dungeon Overview and Level Annotations

Branches:
Dungeon (1/1)

Altars:
Cheibriados
Fedhas
Ru
Vehumet
Yredelemnul
Zin
The Shining One
Beogh
Jiyva
Lugonu

Shops:
D *[%???:(

Annotations:
D Sigmund


Innate Abilities, Weirdness & Mutations

You cannot wear armour.
You are incapable of wielding weapons or throwing items.
Your paws allow you to move quietly. (Stealth)
You have sharp claws.
You have razor-sharp teeth.
You have supernaturally acute eyesight. (SInv)
You are carnivorous and can eat meat at any time.
You cover ground quickly.
You are covered in fur. (AC +1)
You have a slow metabolism.
Your sharp claws are effective at attacking unaware monsters.


Message History

An orc comes into view. It is wielding a club.
Found Ocziuc's Jewellery and Evygitti's Advanced Armour.
You scratch the orc.
The orc is severely wounded.
The orc hits you but does no damage.
You barely miss the orc.
The orc is severely wounded.
The orc hits you with a club.
You scratch the orc.
You kill the orc!
You see here a club.
Unknown command.
Found Woont's Magic Scroll Shop and Ucho's Staff Store.
Found a glowing silver altar of Zin and a sacrificial altar of Ru.
Found Nookh's Magic Scroll Shop and Orphees's Must-Have Magic.
Sigmund the Dreaded comes into view.
He is wielding a scythe of slicing.
Sigmund casts a spell at you. The magic dart hits you!
Ouch! That really hurt!
You die...

##### ##⌠⌠⌠## #.....#
##.....## ##∩.....∩##
#∩....@..∩# #.....@...#
#_......._# #_......._#
###.........###
#⌠...........⌠#
######.8.........8.#
##∩___......###.......
##∩........8.# .8.....
.......).....###.......


You could see Sigmund.

Vanquished Creatures
  An orc (D)
1 creature vanquished.

Notes
Turn   | Place    | Note
-------+----------+-------------------------------------------
     0 | D        | equalderp2856 the Felid Fighter began the quest for the Orb.
     0 | D        | Reached XP level 1. HP: 10/10 MP: 2/2
     4 | D        | Found a basalt altar of Yredelemnul.
     4 | D        | Found a blossoming altar of Fedhas.
     5 | D        | Found a radiant altar of Vehumet.
     5 | D        | Found a roughly hewn altar of Beogh.
     6 | D        | Found a glowing golden altar of the Shining One.
     6 | D        | Found a viscous altar of Jiyva.
     7 | D        | Found Puivaces's Bee Food.
     7 | D        | Found a snail-covered altar of Cheibriados.
     7 | D        | Found a corrupted altar of Lugonu.
     7 | D        | Found Meahisan's Identification Station.
     7 | D        | Round 1.
     8 | D        | Found Ocziuc's Jewellery.
     8 | D        | Found Evygitti's Advanced Armour.
    21 | D        | Found a glowing silver altar of Zin.
    21 | D        | Found a sacrificial altar of Ru.
    21 | D        | Found Woont's Magic Scroll Shop.
    21 | D        | Found Ucho's Staff Store.
    22 | D        | Found Nookh's Magic Scroll Shop.
    22 | D        | Found Orphees's Must-Have Magic.
    23 | D        | Noticed Sigmund
    27 | D        | Killed from afar by Sigmund

Action                   || total
-------------------------++-------
Melee: Unarmed           ||     3
